 Dungeon Crawl Stone Soup version 0.29.1-12-g30fa7ad0bf (webtiles) character file.

Game seed: 12389318432271511954

105 wormed the Shooter (level 4, 0/23 HPs)
             Began as a Spriggan Hunter on Dec 29, 2022.
             Killed from afar by a white imp (9 damage)
             ... with a puff of frost
             ... summoned by Natasha
             ... on level 2 of the Dungeon.
             The game lasted 00:02:36 (2079 turns).

wormed the Shooter (Spriggan Hunter)                Turns: 2079, Time: 00:02:37

Health: 0/23       AC:  3    Str:  7    XL:     4   Next: 53%
Magic:  5/5        EV: 19    Int: 10    God:
Gold:   69         SH:  0    Dex: 20    Spells: 3/3 levels left

rFire   . . .      SeeInvis +   a - +0 shortbow
rCold   . . .      Faith    .   (shield currently unavailable)
rNeg    . . .      Spirit   .   c - +0 robe
rPois   .          Reflect  .   (helmet restricted)
rElec   .          Harm     .   i - +0 cloak
rCorr   .          Rampage  .   (gloves unavailable)
Will    .....                   (boots unavailable)
Stlth   +++.......              (no amulet)
HPRegen 0.07/turn               (no ring)
MPRegen 0.09/turn               (no ring)

@: slowed, quick
A: very small, no large weapons, unfitting armour, see invisible, speed 3
a: no special abilities


You were on level 2 of the Dungeon.
You visited 1 branch of the dungeon, and saw 2 of its levels.

You collected 69 gold pieces.

Inventory:

Hand Weapons
 a - a +0 shortbow (weapon)
Armour
 c - a +0 robe (worn)
 i - a +0 cloak (worn)
Scrolls
 b - 3 scrolls of immolation
 d - 5 scrolls of identify {unknown}
 e - a scroll of fear {unknown}
 g - a scroll of summoning {unknown}
 h - a scroll of poison {unknown}
 k - a scroll of teleportation {unknown}
Potions
 f - 2 potions of curing
 j - a potion of haste {unknown}


   Skills:
 + Level 2.2 Fighting
 * Level 4.9 Ranged Weapons
 + Level 3.7 Dodging
 + Level 3.3 Stealth


You had 3 spell levels left.
You didn't know any spells.
Your spell library was empty.

Dungeon Overview and Level Annotations

Branches:
Dungeon (2/15)

Altars:
Nemelex Xobeh

Annotations:
D:2 Natasha


Innate Abilities, Weirdness & Mutations

You are very small and have problems with some larger weapons.
You are too small for most types of armour.
You have supernaturally acute eyesight. (SInv)
You cover ground extremely quickly. (Speed+++)


Message History

Natasha completely misses you. Natasha barely misses you.
Natasha attacks as you move away! Natasha misses you.
Natasha stares at you and mumbles some strange words.
The magic dart hits you.
You shoot an arrow. The arrow closely misses Natasha.
Natasha barely misses you.
The white imp sputters.
Natasha attacks as you move away! Natasha barely misses you.
The white imp gestures at you. The puff of frost misses you.
Natasha mumbles some strange words.
Natasha glows brightly for a moment.
Natasha claws you.
Natasha casts a spell.
Natasha extends her claws.
You shoot an arrow.
The arrow hits Natasha but does no damage.
Natasha is lightly wounded.
The white imp picks up a beetle and eats it.
Natasha closely misses you.
You shoot an arrow. The arrow hits Natasha.
Natasha is moderately wounded.
Natasha misses you. The white imp closely misses you.
Natasha barely misses you.
You shoot an arrow. The arrow hits Natasha.
Natasha is severely wounded.
The white imp gestures at you. The puff of frost hits you.
Natasha drinks a potion.
Natasha is healed!
The white imp gestures at you. The puff of frost misses you.
Natasha completely misses you.
You are too injured to fight recklessly!
Fire: a) +0 shortbow
Press: ? - help, Q - select action Shift-Dir - straight line, f/p - Natasha
Aim: Natasha (59% to hit)
You shoot an arrow. The arrow hits Natasha.
Natasha is moderately wounded.
The white imp gestures at you. The puff of frost hits you!
You die...

######.### #.# #.#
###........# #.# #.#
(.#.##.....######.# ##.#
.....#............# ##..#
#.#........######.# #....
...........# #.# ##..#
..#......#.# #.# #..#
...........######.# #..#
.#........#....h@.##########
#...
....##[#.###...5...........#
#.##
....##.##.#.#####.########.#
#.# ..#.##.###.## ###.# #.#
#.# ..#.##.# #.# #...# #.#
#.## #.#..#.###.####...# #.#
#..# .....#............#
##.####.#
#.##.#####.###....#
#####~~~~~~~~ #.##.# #.#
#8..8###~~~~~≈≈≈≈≈≈~


You could see Natasha and a white imp (summoned).

Vanquished Creatures
  Terence (D:2)
  Natasha (D:2)
  2 adders (D:2)
  A dart slug (D:2)
  4 ball pythons
  4 endoplasms
  2 giant cockroaches
  2 goblins (D:1)
  2 hobgoblins (D:1)
  3 jackals (D:2)
  3 quokkas
  A frilled lizard (D:1)
  4 kobolds (D:1)
  5 rats
35 creatures vanquished.

Notes
Turn   | Place    | Note
-------+----------+-------------------------------------------
     0 | D:1      | wormed the Spriggan Hunter began the quest for the Orb.
     0 | D:1      | Reached XP level 1. HP: 10/10 MP: 2/2
    92 | D:1      | Reached XP level 2. HP: 13/15 MP: 3/3
   888 | D:2      | Reached XP level 3. HP: 8/18 MP: 4/4
  1067 | D:2      | Noticed Terence
  1103 | D:2      | Killed Terence
  1348 | D:2      | Noticed Natasha
  1643 | D:2      | Found a sparkling altar of Nemelex Xobeh.
  1713 | D:2      | Reached XP level 4. HP: 18/23 MP: 5/5
  1933 | D:2      | Found a faded altar of an unknown god.
  1952 | D:2      | Killed Natasha
  2039 | D:2      | Noticed Natasha
  2079 | D:2      | Killed from afar by a white imp

Illustrated notes

Levels and vault maps discovered:
D:1:      giann_forest_graveyard, layout_basic,
          amcnicky_mini_rare_corridor_liquid
D:2:      wander_river, layout_loops_ring, ebering_ecumenical_altar_webs,
          basic_altar, minivault_5, uniq_terence, uniq_natasha

Skill      XL: |  1  2  3 |
---------------+----------+-----
Stealth        | 2 3 |  3.3
Dodging        | 3 |  3.7
Fighting       | 2 |  2.2
Ranged Weapons | |  4.9

Action                   |  1- 3 |  4- 6 || total
-------------------------+-------+-------++-------
 Fire: Shortbow          |    89 |    24 ||   113
Armor: Robe              |     3 |       ||     3
Dodge: Dodged            |    15 |    13 ||    28
